 Dungeon Crawl Stone Soup version 0.30-a0-172-gc5509c9e31 (webtiles) character file.

Game seed: 3781975878691474506

63 KennySheep the Sneak (level 3, -3/23 HPs)
             Began as a Vampire Delver on Oct 1, 2022.
             Slain by a gnoll
             ... wielding a +0 flail
              (9 damage)
             ... on level 1 of the Dungeon.
             The game lasted 00:05:08 (1447 turns).

KennySheep the Sneak (Vampire Delver)               Turns: 1447, Time: 00:05:09

Health: -3/23      AC:  4    Str: 11    XL:     3   Next: 89%
Magic:  0/3        EV: 16    Int: 12    God:
Gold:   94         SH:  0    Dex: 17    Spells: 2/2 levels left

rFire   . . .      SeeInvis +    a - +0 short sword
rCold   + + .      Faith    .    (no shield)
rNeg    + + +      Spirit   +    b - +0 leather armour
rPois   ∞          Reflect  .    (no helmet)
rElec   .          Harm     .    (no cloak)
rCorr   .          Rampage  .    s - +0 pair of gloves
Will    .....                    (no boots)
Stlth   ++++++....               i - amulet of guardian spirit
HPRegen 0.00/turn                r - +4 ring of evasion
MPRegen 0.08/turn                (no ring)

@: bloodless, inhibited regen
A: bloodless, fangs 3, see invisible, vampiric 2
a: Bat Form, Revivify


You were on level 1 of the Dungeon.
You visited 1 branch of the dungeon, and saw 5 of its levels.

You collected 94 gold pieces.

Inventory:

Hand Weapons
 a - a +0 short sword (weapon)
Armour
 b - a +0 leather armour (worn)
 s - a +0 pair of gloves (worn)
Magical Staves
 k - a staff of cold
Jewellery
 i - an amulet of guardian spirit (around neck)
 r - a +4 ring of evasion (left hand)
Wands
 g - a wand of digging (3)
Scrolls
 c - a scroll of fog
 d - a scroll of noise {unknown}
 j - a scroll of blinking {unknown}
 o - a scroll of enchant weapon {unknown}
 q - a scroll of immolation {unknown}
Potions
 e - a potion of experience {unknown}
 f - a potion of haste
 h - 3 potions of heal wounds {unknown}
 l - a potion of lignification {unknown}
 m - a potion of magic {unknown}
 n - 2 potions of flight {unknown}
 p - 2 potions of degeneration {unknown}


   Skills:
 + Level 3.1 Fighting
 * Level 3.3 Short Blades
 + Level 2.9 Dodging
 + Level 7.7 Stealth


You had 2 spell levels left.
You didn't know any spells.
Your spell library was empty.

Dungeon Overview and Level Annotations

Branches:
Dungeon (5/15)
 Temple: D:4-7

Altars:


Innate Abilities, Weirdness & Mutations

You do not regenerate when monsters are visible.
You are frail without blood (-20% HP).
You can heal yourself when you bite living creatures.
You are immune to poison.
You have razor-sharp teeth.
You have supernaturally acute eyesight. (SInv)
You are afflicted with vampirism and can become a bat while bloodless.


Message History

You kill the orc!
No target in view!
You start resting.
Magic restored.
You start resting.
HP restored.
There is a stone staircase leading down here.
You climb downwards.
There is a stone staircase leading up here.
You hit the dart slug. Your bite misses the dart slug.
The dart slug is moderately wounded.
The dart slug launches a dart at you. The slug dart misses you.
You hit the dart slug.
The dart slug is severely wounded.
You hit the dart slug.
You kill the dart slug!
The gnoll closely misses you.
You barely miss the gnoll. The gnoll hits you with a +0 spear.
The gnoll closely misses you.
You barely miss the gnoll. The gnoll barely misses you.
The gnoll hits you with a +0 spear.
You hit the gnoll.
The gnoll is lightly wounded.
The gnoll attacks as you move away! The gnoll hits you with a +0 spear!
The gnoll hits you from afar with a +0 spear.
* * * LOW HITPOINT WARNING * * *
The gnoll closely misses you.
A worm comes into view.
The gnoll attacks as you move away! The gnoll barely misses you.
The gnoll attacks as you move away! The gnoll completely misses you.
There is a stone staircase leading up here.
The gnoll completely misses you. x2
You climb upwards.
There is a stone staircase leading down here.
You hit the gnoll but do no damage. The gnoll closely misses you.
You hit the gnoll.
The gnoll is moderately wounded.
The gnoll hits you with a +0 flail!
You die...

.........#..#....###### #.#
####....#....#........# #.# #
#...#..##..#...###.# #.# #
#..#...##...#.## #.#####.#
####.#..........#####.#.....#
....................#.#.#####
####.#######.....##.#.#.#
####.#######.....##.#.#.#
................@##.#.#.#
.....#######..#..g..#.#.#
####'#######..#..#....#.#
#....##....).#..#....#.##
#...†##......#..#..#.#..#####
##....##...........^.###.....#
......###'##..#..#..#...#..###
##....# #.##..#..#.#⌠.8..#.#
##....# #.##..#..####..8.#.#


You could see a gnoll.

Vanquished Creatures
  A gnoll (D:1)
  An adder (D:2)
  2 dart slugs
  2 orcs
  4 ball pythons
  4 bats
  2 endoplasms
  2 giant cockroaches
  A goblin (D:1)
  6 hobgoblins
  A jackal (D:3)
  3 frilled lizards
  6 kobolds (D:1)
  2 rats (D:1)
37 creatures vanquished.

Notes
Turn   | Place    | Note
-------+----------+-------------------------------------------
     0 | D:5      | KennySheep the Vampire Delver began the quest for the Orb.
     0 | D:5      | Reached XP level 1. HP: 17/17 MP: 1/1
    89 | D:5      | Noticed an iguana
    94 | D:5      | Noticed a hound
   224 | D:2      | Noticed an orc priest
   301 | D:1      | Reached XP level 2. HP: 18/18 MP: 2/2
   706 | D:1      | Gained mutation: You are afflicted with vampirism and can
                  | become a bat while bloodless. [Vampire growth]
   706 | D:1      | Reached XP level 3. HP: 22/22 MP: 3/3
   763 | D:1      | Found a faded altar of an unknown god.
  1447 | D:1      | Slain by a gnoll

Illustrated notes

Levels and vault maps discovered:
D:1:      zaba_arrival_water, layout_basic, shapermc_ecumenical_altar_venn,
          minmay_misc_feat_more_columns, minivault_26, st_stairs_5
D:2:      layout_basic
D:3:      layout_loops_cross, kennysheep_generic_room_3
D:4:      layout_rooms, grunt_temple_overflow_open, temple_hall
D:5:      minmay_inner_zag, layout_loops_ring, gammafunk_ghost_necromancy

Skill      XL: |  1  2  3 |
---------------+----------+-----
Short Blades   | 3 |  3.3
Fighting       | 3 |  3.1
Dodging        | |  2.9
Stealth        | |  7.7

Action                   || total
-------------------------++-------
Melee: Short sword       ||    89
       Bite              ||     8
       Punch             ||     1
 Abil: Exsanguinate      ||     1
  Use: Scroll            ||     2
 Stab: Sleeping          ||    20
       Distracted        ||     1
Armor: Leather armour    ||     8
Dodge: Dodged            ||    67

Table legend: (Time is in decaauts)
 A = Elapsed time spent in this place.
 B = Non-inter-level travel time spent in this place.
 C = Inter-level travel time spent in this place.
 D = Time resting spent in this place.
 E = Time spent auto-exploring this place.
 F = Levels seen in this place.
 G = Mean time per level.
                   A        B        C        D        E       F      G
               +--------+--------+--------+--------+--------+-----+--------+
         Total |   1448 |   1334 |    114 |    156 |    781 |   5 |  289.6 |
       Dungeon |   1448 |   1334 |    114 |    156 |    781 |   5 |  289.6 |
               +--------+--------+--------+--------+--------+-----+--------+

Top non-repeatable levels by time:
     D:1: 1095 daAuts
     D:5: 144 daAuts
     D:2: 129 daAuts
     D:3: 75 daAuts
     D:4: 3 daAuts
